 Dungeon Crawl Stone Soup version 0.28-a0-938-gbc3f381ebc (webtiles) character file.

Game seed: 17212209212192572171

35 Zonian the Poker (level 3, 0/27 HPs)
             Began as a Demonspawn Gladiator on Nov 28, 2021.
             Succumbed to an adder's poison
             ... on level 1 of the Dungeon.
             The game lasted 00:01:20 (1222 turns).

Zonian the Poker (Demonspawn Gladiator)             Turns: 1222, Time: 00:01:21

Health: 0/27       AC:  4    Str: 14    XL:     3   Next: 17%
Magic:  3/3        EV: 12    Int:  9    God:
Gold:   32         SH:  0    Dex: 15    Spells: 2/2 levels left

rFire   . . .      SeeInvis .   a - +1 trident
rCold   . . .      Faith    .   (no shield)
rNeg    . . .      Spirit   .   b - +0 leather armour
rPois   .          Reflect  .   c - +0 helmet
rElec   .          Harm     .   (no cloak)
rCorr   .          Rampage  .   (no gloves)
Will    .....                   (no boots)
Stlth   +.........              (no amulet)
HPRegen 0.09/turn               (no ring)
MPRegen 0.08/turn               (no ring)

@: lethally poisoned (0 -> -1), weak-willed
A: demonic magic 1
a: no special abilities


You were on level 1 of the Dungeon.
You visited 1 branch of the dungeon, and saw 2 of its levels.

You collected 32 gold pieces.

Inventory:

Hand Weapons
 a - a +1 trident (weapon)
Missiles
 d - 3 throwing nets (quivered)
Armour
 b - a +0 leather armour (worn)
 c - a +0 helmet (worn)


   Skills:
 + Level 2.2 Fighting
 + Level 3.3 Polearms
 + Level 1.8 Throwing
 + Level 0.4 Armour
 + Level 3.0 Dodging
 + Level 0.3 Stealth


You had 2 spell levels left.
You didn't know any spells.
Your spell library was empty.

Dungeon Overview and Level Annotations

Branches:
Dungeon (2/15)

Altars:


Innate Abilities, Weirdness & Mutations

Spells you cast may paralyse adjacent enemies.


Message History

You are frozen.
The adder barely misses you.
There is a stone staircase leading up here.
The adder bites you.
You are poisoned.
The adder poisons you! The adder closely misses you.
You climb upwards.
You feel sick.
There is a stone staircase leading down here.
Unknown command.
You closely miss the adder.
The adder is severely wounded.
You feel sick. The adder bites you.
You are lethally poisoned!
The adder poisons you!
You hit the adder.
You kill the adder!
* * * LOW HITPOINT WARNING * * *
You feel sick.
You have reached level 3!
Your experience leads to an increase in your attributes!
Increase (S)trength, (I)ntelligence, or (D)exterity?
You feel agile.
Unknown command.
It was a potion of magic.
Magic courses through your body.
* * * LOW HITPOINT WARNING * * *
You feel sick.
Unknown command.
As you read the scroll labelled HOOFUUNK JYRI, it crumbles to dust.
It is a scroll of enchant weapon.
Your +0 trident glows red for a moment.
* * * LOW HITPOINT WARNING * * *
You feel sick.
As you read the scroll labelled RESSABLAOT, it crumbles to dust.
Magic quickly surges around you.
It was a scroll of vulnerability.
* * * LOW HITPOINT WARNING * * *
You feel sick.
* * * LOW HITPOINT WARNING * * *
You feel sick.
* * * LOW HITPOINT WARNING * * *
You feel sick.
You die...

##### #...# #######
#...####### #.....#
#.........# #.....#
#.........# #.....#
#.........######.....######
'.........'..>..@.........#
#.........#.............#.#
#.........#.............#.#
#....)....#.............#.#
...########.............#.#
...# #...............#.#
...# #...............#.#
...######...........>...#.#
...'..†...###+#.........#.#


There were no monsters in sight!

Vanquished Creatures
  An adder (D:1)
  3 ball pythons (D:1)
  2 bats (D:1)
  3 goblins (D:1)
  3 hobgoblins
  3 jackals (D:1)
  2 quokkas (D:1)
  2 kobolds (D:1)
  5 rats
24 creatures vanquished.

Notes
Turn   | Place    | Note
-------+----------+-------------------------------------------
     0 | D:1      | Zonian the Demonspawn Gladiator began the quest for the
                  | Orb.
     0 | D:1      | Reached XP level 1. HP: 16/16 MP: 1/1
   258 | D:1      | Gained mutation: Spells you cast may paralyse adjacent
                  | enemies. [demonic ancestry]
   258 | D:1      | Reached XP level 2. HP: 19/22 MP: 2/2
  1217 | D:1      | Reached XP level 3. HP: 7/27 MP: 3/3
  1221 | D:1      | HP: 1/27 [poisoned by an adder]
  1222 | D:1      | Succumbed to an adder's poison

Illustrated notes

Levels and vault maps discovered:
D:1:      minmay_arrival_four_circles, layout_basic
D:2:      layout_basic, kennysheep_generic_room_16, uniq_robin

Skill      XL: |  1  2 |
---------------+-------+-----
Polearms       | 3 |  3.3
Dodging        | 3 |  3.0
Fighting       | |  2.2
Throwing       | |  1.8
Armour         | |  0.4
Stealth        | |  0.3

Action                   || total
-------------------------++-------
Melee: Trident           ||    75
  Use: Scroll            ||     2
       Potion            ||     1
 Stab: Sleeping          ||     2
Armor: Leather armour    ||    15
Dodge: Dodged            ||    36

Table legend: (Time is in decaauts)
 A = Elapsed time spent in this place.
 B = Non-inter-level travel time spent in this place.
 C = Inter-level travel time spent in this place.
 D = Time resting spent in this place.
 E = Time spent auto-exploring this place.
 F = Levels seen in this place.
 G = Mean time per level.
                   A        B        C        D        E       F      G
               +--------+--------+--------+--------+--------+-----+--------+
         Total |   1233 |   1185 |     48 |    300 |    718 |   2 |  616.5 |
       Dungeon |   1233 |   1185 |     48 |    300 |    718 |   2 |  616.5 |
               +--------+--------+--------+--------+--------+-----+--------+

Top non-repeatable levels by time:
     D:1: 1205 daAuts
     D:2: 27 daAuts
